 Dungeon Crawl Stone Soup version 0.30-a0-358-g0d69a1922f (webtiles) character file.

Game seed: 12970705326456257482

137 MachoJfn the Shield-Bearer (level 5, 0/26 (42) HPs)
             Began as a Formicid Fighter on Nov 10, 2022.
             Slain by a steam dragon (1 damage)
             ... on level 6 of the Dungeon.
             The game lasted 00:33:27 (2281 turns).

MachoJfn the Shield-Bearer (Formicid Fighter)       Turns: 2281, Time: 00:33:28

HP:   0/26 (42)     AC:  8    Str: 23    XL:     5   Next: 44%
MP:   5/5           EV:  9    Int:  7    God:
Gold: 74            SH:  5    Dex: 13    Spells: 4/4 levels left

rFire   . . .      SeeInvis +    a - +0 quarterstaff
rCold   . . .      Faith    .    c - +0 buckler
rNeg    . . .      Spirit   .    b - +1 scale mail
rPois   .          Reflect  .    (helmet unavailable)
rElec   .          Harm     .    (no cloak)
rCorr   .          Rampage  .    (no gloves)
Will    .....                    (no boots)
Stlth   ..........               (no amulet)
HPRegen 0.24/turn                (no ring)
MPRegen 0.09/turn                (no ring)

@: very heavily drained
A: permanent stasis, dig shafts and tunnels, antennae 3, four strong arms
a: Dig, Shaft Self


You were on level 6 of the Dungeon.
You visited 1 branch of the dungeon, and saw 4 of its levels.

You collected 74 gold pieces.

Inventory:

Hand Weapons
 a - a +0 quarterstaff (weapon)
Missiles
 i - 2 poisoned darts
Armour
 b - a +1 scale mail (worn)
 c - a +0 buckler (worn)
 l - a +1 ring mail of fire resistance
Scrolls
 f - a scroll of identify
 j - a scroll of teleportation
Potions
 d - 2 potions of might
 e - 4 potions of curing
 g - a potion of mutation {unknown}


   Skills:
 + Level 4.0 Fighting
 + Level 3.3 Staves
 + Level 4.1 Armour
 + Level 0.4 Dodging
 + Level 5.0 Shields


You had 4 spell levels left.
You didn't know any spells.
Your spell library contained the following spells:

 Spells                   Type           Power      Damage    Failure   Level
 Freeze                   Ice            0%         1d3       80%         1
 Scorch                   Fire           0%         2d5       91%         2
 Frozen Ramparts          Ice            0%         1d1       99%         3
 Gell's Gravitas          Tloc           0%         N/A       99%         3
 Hailstorm                Conj/Ice       0%         3d3       99%         3
 Teleport Other           Tloc           0%         N/A       99%         3
 Flame Wave               Conj/Fire      0%         2d4       100%        4
 Dispersal                Tloc           0%         N/A       100%        6
 Summon Cactus Giant      Summ           0%         N/A       100%        6


Dungeon Overview and Level Annotations

Branches:
Dungeon (6/15)
 Temple: D:4-7

Altars:
Gozag


Innate Abilities, Weirdness & Mutations

You cannot be hasted, slowed, berserked, paralysed or teleported.
You can dig through walls and to a lower floor.
You have a pair of large antennae on your head. (SInv)
Your four strong arms can wield two-handed weapons with a shield.


Message History

An ufetubus comes into view.
There is an open door here.
The ufetubus shouts!
Press: ? - help, v - describe, . - travel The floor.
An ufetubus is nearby!
You closely miss the ufetubus. The ufetubus barely misses you.
The ufetubus hits you but does no damage. x3
You closely miss the ufetubus. The ufetubus closely misses you.
The ufetubus barely misses you.
The ufetubus hits you but does no damage. x2
You hit the ufetubus.
The ufetubus is heavily wounded.
The ufetubus closely misses you. The ufetubus barely misses you.
A steam dragon comes into view.
You block the ufetubus's attack.
The ufetubus hits you but does no damage.
You barely miss the ufetubus.
The ufetubus is heavily wounded.
The ufetubus hits you but does no damage.
You block the ufetubus's attack.
You hit the ufetubus.
You kill the ufetubus!
Found a potion of curing.
You barely miss the steam dragon. The steam dragon bites you!
The steam dragon closely misses you. The steam dragon breathes steam at you.
The ball of steam hits you!
* * * LOW HITPOINT WARNING * * *
You hit the steam dragon but do no damage.
You are engulfed in a cloud of scalding steam.
The steam dragon bites you.
* * * LOW HITPOINT WARNING * * *
The steam dragon barely misses you.
The steam dragon bites you but does no damage.
The steam dragon claws you.
* * * LOW HITPOINT WARNING * * *
Your stasis prevents you from teleporting.
The steam dragon bites you.
You die...

#.# #.#
.###..... #.#
!.......# #.#
.......# #.#
##.....# #.#
..^....# #.#
#....#####.#
#.....@.##.#
#.<...D.##.# #
#.......##.#
#.##.......##.#
#.......§§.'..#
####.......####
#####§..#
#..§.+ #..§.#


You could see a steam dragon (catching breath).

Vanquished Creatures
  9 adders (D:2)
  An ufetubus (D:6)
  A worm (D:2)
  A dart slug (D:1)
  2 ball pythons (D:2)
  4 bats
  4 endoplasms (D:1)
  A giant cockroach (D:2)
  7 goblins
  4 hobgoblins
  3 jackals (D:1)
  5 kobolds
  3 quokkas
  2 rats (D:2)
47 creatures vanquished.

Notes
Turn   | Place    | Note
-------+----------+-------------------------------------------
     0 | D:1      | MachoJfn the Formicid Fighter began the quest for the Orb.
     0 | D:1      | Reached XP level 1. HP: 18/18 MP: 1/1
   136 | D:1      | Reached XP level 2. HP: 23/24 MP: 2/2
   258 | D:1      | Found a faded altar of an unknown god.
   378 | D:1      | Reached XP level 3. HP: 29/29 MP: 3/3
  1272 | D:2      | Reached XP level 4. HP: 37/37 MP: 4/4
  1637 | D:2      | Reached XP level 5. HP: 38/42 MP: 5/5
  1701 | D:2      | Reached skill level 5 in Shields
  2214 | D:3      | Found an opulent altar of Gozag.
  2241 | D:3      | You fall into a shaft and drop 3 floors!
  2271 | D:6      | Noticed a steam dragon
  2280 | D:6      | HP: 1/26 [steam dragon (2)]
  2281 | D:6      | Slain by a steam dragon

Illustrated notes

Levels and vault maps discovered:
D:1:      nicolae_arrival_memento_mori, layout_basic,
          ebering_ecumenical_altar_hall, hangedman_decor_diamond_cutter
D:2:      layout_loops_ring
D:3:      layout_basic, mainiacjoe_overflow_brackets, marbit_many_paths,
          cheibrodos_sewer_entry_bend, nicolae_wormholes, uniq_grinder
D:6:      layout_basic, minitemple, temple_statues, serial_shops,
          nicolae_shop_bloodbath_and_beyond, uniq_eustachio, uniq_maggie

Skill      XL: |  1  2  3  4  5 |
---------------+----------------+-----
Armour         | 4 |  4.1
Staves         | 3 |  3.3
Fighting       | 4 |  4.0
Shields        | 5 |  5.0
Dodging        | |  0.4

Action                   |  1- 3 |  4- 6 || total
-------------------------+-------+-------++-------
Melee: Quarterstaff      |    41 |   100 ||   141
 Abil: Dig               |     1 |     4 ||     5
  Use: Scroll            |     1 |     2 ||     3
       Potion            |       |     4 ||     4
Armor: Scale mail        |    13 |    84 ||    97
Dodge: Dodged            |    14 |    72 ||    86
Block: Buckler           |     4 |    34 ||    38

Table legend: (Time is in decaauts)
 A = Elapsed time spent in this place.
 B = Non-inter-level travel time spent in this place.
 C = Inter-level travel time spent in this place.
 D = Time resting spent in this place.
 E = Time spent auto-exploring this place.
 F = Levels seen in this place.
 G = Mean time per level.
                   A        B        C        D        E       F      G
               +--------+--------+--------+--------+--------+-----+--------+
         Total |   2308 |    442 |   1866 |      0 |      0 |   4 |  577.0 |
       Dungeon |   2308 |    442 |   1866 |      0 |      0 |   4 |  577.0 |
               +--------+--------+--------+--------+--------+-----+--------+

Top non-repeatable levels by time:
     D:1: 1217 daAuts
     D:2: 1002 daAuts
     D:3: 47 daAuts
     D:6: 40 daAuts
